Map: Abyssal Reef LE

Players

Anthony

  • Race: Protoss Protoss
  • Spawn Location: 5:00

eXile - Winner!

  • Race: Zerg Zerg
  • League: Platinum
  • Spawn Location: 11:00

VOD

Have the link to the VOD?

Description

Time

  • Played on: June 8, 2017, 7:42 p.m.
  • Length: 6:56
Show
View Real Time Build Order
Export as new Build Order

Anthony Protoss 

Build Orders:  

Get SALT Encoding   

  12  0:02  Probe (Chrono Boost)  
  13  0:13  Probe (Chrono Boost)  
  14  0:17  Pylon  
  14  0:23  Probe (Chrono Boost)  
  16  0:35  Probe (Chrono Boost)  
  16  0:40  Gateway  
  16  0:46  Probe (Chrono Boost)  
  17  0:56  Probe (Chrono Boost)  
  18  1:00  Assimilator x2  
  18  1:07  Probe (Chrono Boost)  
  19  1:18  Probe (Chrono Boost)  
  20  1:20  Pylon  
  20  1:31  Probe (Chrono Boost)  
  20  1:42  Cybernetics Core  
  20  1:43  Probe (Chrono Boost)  
  21  1:53  Probe (Chrono Boost)  
  22  2:01  Gateway  
  22  2:03  Gateway  
  22  2:19  Mothership Core (Chrono Boost), Warp Gate  
  22  2:20  Adept  
  26  2:38  Probe (Chrono Boost)  
  27  2:48  Nexus  
  27  2:57  Pylon  
  27  3:11  Adept x2  
  31  3:15  Sentry  
  33  3:22  Pylon  
  33  3:34  Robotics Facility  
  33  3:39  Probe (Chrono Boost)  
  34  3:49  Probe (Chrono Boost)  
  35  4:00  Probe (Chrono Boost), Pylon  
  36  4:04  Probe (Chrono Boost)  
  37  4:10  Probe (Chrono Boost)  
  37  4:15  Probe (Chrono Boost)  
  39  4:19  Gateway  
  39  4:25  Probe x2 (Chrono Boost)  
  39  4:28  Warp Prism  
  43  4:36  Sentry x2  
  43  4:37  Adept  
  49  5:09  Immortal  
  53  5:16  Pylon  
  53  5:17  Stalker x4  
  57  5:47  Adept x4  
  42  6:21  Probe (Chrono Boost)  
  42  6:22  Probe (Chrono Boost)  
  44  6:25  Pylon  
  44  6:27  Assimilator  
  44  6:28  Assimilator, Pylon  
  44  6:32  Probe x2 (Chrono Boost), Pylon  
  46  6:39  Adept  
  48  6:46  Adept  
Show
View Real Time Build Order
Export as new Build Order

eXile Zerg - Winner!

Build Orders: Hatch First 

Get SALT Encoding   

  12  0:03  Drone  
  13  0:14  Overlord  
  13  0:21  Drone  
  14  0:35  Drone x2  
  16  0:39  Drone  
  17  0:55  Hatchery  
  16  1:05  Drone x2  
  16  1:10  Extractor  
  17  1:20  Spawning Pool  
  16  1:36  Drone x3  
  19  1:54  Overlord  
  19  1:58  Drone  
  20  2:08  Queen  
  20  2:09  Queen  
  24  2:18  Metabolic Boost  
  24  2:20  Zergling x4  
  26  2:28  Drone x2  
  28  2:38  Drone x2  
  30  2:48  Drone x2  
  32  2:51  Overlord  
  32  2:59  Extractor  
  32  3:02  Spore Crawler  
  32  3:03  Spore Crawler  
  29  3:07  Drone x3  
  32  3:18  Queen  
  34  3:30  Hatchery  
  34  3:33  Drone  
  34  3:37  Pneumatized Carapace  
  34  3:43  Overlord  
  34  3:45  Drone  
  35  3:54  Evolution Chamber  
  35  4:02  Zergling x2  
  35  4:03  Zergling x10  
  40  4:10  Baneling Nest  
  40  4:14  Drone  
  40  4:15  Drone x2  
  42  4:43  Zergling x6  
  42  4:44  Zergling x2  
  46  4:59  Drone x3  
  49  5:09  Zergling x2  
  49  5:10  Zergling x18  
  57  5:16  Baneling  
  57  5:17  Baneling x7  
  57  5:21  Baneling  
  49  5:46  Zergling x14  
  49  5:47  Zergling x12  
  56  5:58  Drone  
  54  6:17  Hatchery  
  52  6:25  Overlord  
  52  6:26  Overlord x3  
Tags
 
League
Platinum
Matchup
PvZ
Spawn Locations
Cross Positions
Add a new tag
Caveats
  • Supply blocks, unpowered buildings, or Contaminate may cause inaccurate times.
  • Supply counts are checked every 10 seconds.